 Dungeon Crawl Stone Soup version 0.16.1-11-g651b585 (webtiles) character file.

15 karlm the Magician (level 2, -2/25 HPs)
             Began as a Naga Wizard on Apr 7, 2015.
             Slain by a goblin
             ... wielding a +0 dagger
              (3 damage)
             ... on level 1 of the Dungeon.
             The game lasted 00:01:27 (166 turns).

karlm the Magician (Naga Wizard)                     Turns: 166, Time: 00:01:27

Health: -2/25      AC:  1    Str:  9    XL:     2   Next: 50%
Magic:  6/6        EV: 10    Int: 18    God:
Gold:   0          SH:  0    Dex:  9    Spells: 2 memorised, 4 levels left

rFire  . . .     SeeInvis +     j - +2 dagger (venom)
rCold  . . .     Clarity  .     a - +0 robe
rNeg   . . .     SustAb   .     (no shield)
rPois  +         Gourm    .     b - +0 hat
rElec  .         Spirit   .     (no cloak)
rCorr  .         Warding  .     (no gloves)
rMut   .         Stasis   .     (no barding)
MR     .....                    (no amulet)
Stlth  ++........               (no ring)
                                (no ring)

@: short of breath, very slow, not resistant to hostile enchantments, unstealthy
A: spit poison, see invisible, deformed body, poison resistance, slowness 2
a: Spit Poison


You were on level 1 of the Dungeon.
You were not hungry.

You visited 1 branch of the dungeon, and saw 1 of its levels.

Inventory:

Hand weapons
 j - a +2 dagger of venom (weapon)
Missiles
 e - 4 curare-tipped needles
 h - 5 stones (quivered)
Armour
 a - a +0 robe (worn)
 b - a +0 hat (worn)
Potions
 i - a potion of brilliance {unknown}
Books
 c - a book of Minor Magic

   Spells                             Type                      Level
   a - Magic Dart                     Conjuration                  1
   b - Blink                          Translocation                2
   c - Call Imp                       Summoning                    2
   d - Repel Missiles                 Charms/Air                   2
   e - Slow                           Hexes                        2
   f - Conjure Flame                  Conjuration/Fire             3
   g - Mephitic Cloud                 Conjuration/Poison/Air       3
Comestibles
 d - a bread ration
 f - 3 poisonous chunks of flesh
 g - 2 chunks of flesh


   Skills:
 + Level 1.0 Fighting
 + Level 1.9 Dodging
 - Level 3.0 Stealth
 + Level 3.1 Spellcasting
 + Level 1.3 Conjurations
 - Level 1.0 Summonings
   Level 1.0 Translocations


You had 4 spell levels left.
You knew the following spells:

 Your Spells              Type           Power        Failure   Level  Hunger
a - Magic Dart            Conj           #...         12%         1    None
b - Call Imp              Summ           #.......     17%         2    ##.....


Dungeon Overview and Level Annotations

Branches:
Dungeon (1/15)

Altars:


Innate Abilities, Weirdness & Mutations

You cannot wear boots.
You can spit poison.
You have supernaturally acute eyesight.
Armour fits poorly on your strangely shaped body.
Your system is resistant to poisons.
You cover ground very slowly.


Message History

You kill the hobgoblin!
The goblin hits you but does no damage.
You barely miss the goblin. The goblin closely misses you.
You hit the kobold.
The kobold is severely wounded.
The kobold hits you.
* * * LOW HITPOINT WARNING * * *
The goblin barely misses you.
You barely miss the kobold.
The kobold is severely wounded.
The kobold hits you.
* * * LOW HITPOINT WARNING * * *
The goblin hits you with a dagger.
* * * LOW HITPOINT WARNING * * *
Use which ability? (? or * to list)
Press: ? - help, Shift-Dir - straight line, f - kobold
Aim: a kobold (severely wounded)
The splash of poison misses the kobold.
You feel slightly more hungry. The kobold barely misses you.
The goblin hits you with a dagger.
You die...

.#........ #....#
.#......... #....#
.#......... #....#
.#......... #....#
.'.......... #..$.# ..
##.)..#+## #####....# ....
.+......####........#.....
##..................#.....
................@K.........
................#g).......#
...............##.........#
........###....##..........
...#....# ##.).##.........
...#....# ##...##.........
...+....###.....#.........
####.....................
####......###...........


You could see a goblin and a kobold.

Vanquished Creatures
  A gnoll (D:1)
  A bat (D:1)
  A goblin (D:1)
  2 hobgoblins (D:1)
  2 kobolds (D:1)
7 creatures vanquished.

Notes
Turn   | Place    | Note
--------------------------------------------------------------
     0 | D:1      | karlm, the Naga Wizard, began the quest for the Orb.
     0 | D:1      | Reached XP level 1. HP: 15/15 MP: 4/4
    88 | D:1      | Reached skill level 1 in Fighting
    88 | D:1      | Reached XP level 2. HP: 20/25 MP: 0/6
    93 | D:1      | Learned a level 2 spell: Call Imp
   165 | D:1      | HP: 1/25 [goblin/dagger (3)]
   166 | D:1      | Slain by a goblin

Action                   || total
-------------------------++-------
Melee: Dagger            ||    11
 Cast: Magic Dart        ||     4
 Abil: Spit Poison       ||     6
